 Dungeon Crawl Stone Soup version 0.22.1-2-g9c5b331 (webtiles) character file.

1224 Tiagovsky the Skirmisher (level 8, -12/71 HPs)
             Began as a Hill Orc Fighter on Dec 29, 2018.
             Was a Follower of Beogh.
             Mangled by a two-headed ogre
             ... wielding a +0 giant club
              (14 damage)
             ... on level 7 of the Dungeon.
             The game lasted 00:41:47 (7907 turns).

Tiagovsky the Skirmisher (Hill Orc Fighter)         Turns: 7907, Time: 00:41:48

Health: -12/71     AC:  9    Str: 21    XL:     8   Next: 47%
Magic:  18/18      EV:  8    Int:  8    God:    Beogh [*.....]
Gold:   221        SH: 10    Dex: 10    Spells: 7/7 levels left

rFire    . . .     SeeInvis +   a - +1 war axe
rCold    . . .     Gourm    .   c - +0 shield
rNeg     . . .     Faith    .   b - +1 scale mail
rPois    .         Spirit   .   (no helmet)
rElec    .         Reflect  .   (no cloak)
rCorr    .         Harm     .   C - +0 pair of gloves
MR       .....                  (no boots)
Stlth    ..........             (no amulet)
HPRegen  0.21/turn              u - ring of magical power
MPRegen  0.16/turn              s - ring of see invisible

@: no status effects
A: no striking features
a: Renounce Religion


You were on level 7 of the Dungeon.
You worshipped Beogh.
Beogh was aware of your devotion.
You were not hungry.

You visited 1 branch of the dungeon, and saw 7 of its levels.

You collected 431 gold pieces.
You spent 210 gold pieces at shops.

Inventory:

Hand Weapons
 a - a +1 war axe (weapon)
Missiles
 h - 33 bolts
 j - 247 stones
 l - 47 poisoned needles
 t - 2 exploding tomahawks (quivered)
 B - 61 arrows
Armour
 b - a +1 scale mail (worn)
 c - a +0 shield (worn)
 C - a +0 pair of gloves (worn)
 E - the +4 robe of the Prince {rF++ rC+}
   (You found it on level 6 of the Dungeon)

   It greatly protects you from fire.
   It protects you from cold.
Jewellery
 s - a ring of see invisible (right hand)
 u - a ring of magical power (left hand)
Wands
 p - a wand of random effects (17)
 y - a wand of flame (28)
 D - a wand of clouds (8)
Scrolls
 e - 4 scrolls of remove curse
 g - 3 scrolls of fog
 i - 5 scrolls of identify
 n - a scroll of enchant weapon
 o - 4 scrolls of teleportation
 v - a scroll of enchant armour
Potions
 d - 2 potions of might
 k - 2 potions of flight
 m - a potion of cancellation
 q - a potion of lignification
 r - a potion of invisibility
 w - a potion of brilliance
 x - a potion of curing {unknown}
 z - a potion of ambrosia {unknown}
Comestibles
 f - 18 rations
 A - a chunk of flesh


   Skills:
 + Level 6.8 Fighting
 + Level 6.8 Axes
 + Level 6.3 Armour
 + Level 6.2 Shields
 - Level 2.1 Invocations


You had 7 spell levels left.
You didn't know any spells.
Your spell library contained the following spells:

 Spells                   Type           Power        Failure   Level  Hunger
 Magic Dart               Conj           #...         98%         1    ##.....
 Freezing Cloud           Conj/Ice/Air   #.........   100%        6    #######
 Orb of Destruction       Conj           #.........   100%        7    #######


Dungeon Overview and Level Annotations

Branches:
Dungeon (7/15)
 Temple: D:4-7

Altars:
Dithmenos
Kikubaaqudgha
Qazlal
Trog
Uskayaw
Yredelemnul
Zin

Shops:
D:5 =


Message History

The arrow completely misses you.
You see here an arrow.
The centaur unwields an uncursed shortbow.
You block the centaur's attack. The two-headed ogre closely misses you.
The two-headed ogre hits you with a giant spiked club.
The centaur hits you.
The centaur hits you but does no damage.
You block the two-headed ogre's attack. x2
The centaur hits you but does no damage.
The centaur wields an uncursed shortbow.
The centaur shoots an arrow.
You block the arrow.
A hound skeleton comes into view.
The two-headed ogre hits you with a giant club!
* * * LOW HITPOINT WARNING * * *
The two-headed ogre hits you with a giant spiked club!
* * * LOW HITPOINT WARNING * * *
You see here a spear.
There is a stone staircase leading up here.
The two-headed ogre hits you with a giant club!
You die...

####.#.#####..#
#.............###
#............... #
#.#..#.#.##...## ...
#..#.#.# ...###.
#.#..#.((.#.##.......
..........Zc.......#
#.#..#....#O####.#.#
..........#@#
.....#....###
#.#..#.....
............
#.#..#..#..## ..
.........


You could see a two-headed ogre, a centaur and a hound skeleton.

Vanquished Creatures
  A water moccasin (D:6)
  An orc warrior (D:5)
  An ice beast (D:6)
  An ogre (D:5)
  2 bullfrogs
  A water moccasin skeleton (D:5)
  2 howler monkeys (D:5)
  A crimson imp (D:5)
  An orc priest (D:5)
  A bullfrog skeleton (D:4)
  An iguana (D:6)
  Ijyb (D:5)
  2 orc wizards
  3 worker ants
  A hound skeleton (D:5)
  A worker ant zombie (D:5)
  3 gnolls
  15 adders
  An adder skeleton (D:5)
  5 worms
  A leopard gecko (D:1)
  18 orcs
  A ball python (D:3)
  7 bats
  7 giant cockroaches
  4 goblins
  8 hobgoblins
  7 jackals
  4 kobolds
  3 quokkas
  9 frilled lizards
  10 rats
124 creatures vanquished.

Vanquished Creatures (others)
  A worker ant (D:4)
1 creature vanquished.

Grand Total: 125 creatures vanquished

Notes
Turn   | Place    | Note
-------+----------+-------------------------------------------
     0 | D:1      | Tiagovsky the Hill Orc Fighter began the quest for the Orb.
     0 | D:1      | Reached XP level 1. HP: 19/19 MP: 1/1
   151 | D:1      | Reached XP level 2. HP: 25/27 MP: 2/2
   434 | D:1      | Reached XP level 3. HP: 33/33 MP: 3/3
  1556 | D:2      | Found a basalt altar of Yredelemnul.
  1573 | D:2      | Found a hide-covered altar of Uskayaw.
  1578 | D:2      | Found a bloodstained altar of Trog.
  1621 | D:2      | Became a worshipper of Uskayaw the Reveler
  1669 | D:2      | Reached * piety under Uskayaw
  1670 | D:2      | Reached XP level 4. HP: 40/40 MP: 4/4
  2404 | D:2      | Reached skill level 1 in Invocations
  2537 | D:3      | Reached XP level 5. HP: 46/47 MP: 5/5
  2963 | D:3      | Reached ** piety under Uskayaw
  3640 | D:3      | Found a stormy altar of Qazlal.
  3645 | D:3      | Noticed an air elemental
  3645 | D:3      | Noticed a water elemental
  3645 | D:3      | Noticed a fire elemental
  4339 | D:4      | Reached XP level 6. HP: 55/55 MP: 7/7
  4365 | D:4      | Reached skill level 5 in Fighting
  4373 | D:4      | Reached *** piety under Uskayaw
  4615 | D:4      | Fell from the grace of Uskayaw
  4615 | D:4      | Became a worshipper of Beogh the Brigand
  5133 | D:4      | Identified the Disquisition on Damage Dealing
  5143 | D:4      | Got a distressingly furry ring mail
  5154 | D:4      | Identified the cursed +0 ring mail of Limitation {Stlth+}
                  | (You found it on level 4 of the Dungeon)
  5342 | D:5      | Entered Level 5 of the Dungeon
  5379 | D:5      | Found Yxeap's Jewellery Shoppe.
  5399 | D:5      | Bought an uncursed ring of see invisible for 210 gold
                  | pieces
  5767 | D:5      | Reached skill level 5 in Axes
  5767 | D:5      | Reached skill level 5 in Armour
  5767 | D:5      | Reached XP level 7. HP: 46/61 MP: 8/8
  5792 | D:5      | Reached skill level 5 in Shields
  6402 | D:5      | Noticed Ijyb
  6415 | D:5      | Killed Ijyb
  6819 | D:5      | Reached XP level 8. HP: 66/71 MP: 9/9
  6923 | D:6      | Found a shadowy altar of Dithmenos.
  7092 | D:6      | Got a sheer robe
  7103 | D:6      | Identified the +4 robe of the Prince {rF++ rC+} (You found
                  | it on level 6 of the Dungeon)
  7149 | D:6      | Reached * piety under Beogh
  7593 | D:6      | Found a glowing silver altar of Zin.
  7593 | D:6      | Found an ancient bone altar of Kikubaaqudgha.
  7879 | D:7      | Noticed a two-headed ogre
  7899 | D:7      | HP: 1/71 [two-headed ogre/giant club (17)]
  7907 | D:7      | Mangled by a two-headed ogre

Skill      XL: |  1  2  3  4  5  6  7  8 |
---------------+-------------------------+-----
Axes           | 3 4 5 6 |  6.8
Fighting       | 4 5 6 |  6.8
Armour         | 4 5 6 |  6.3
Shields        | 4 5 6 |  6.2
Invocations    | 1 2 |  2.1

Action                   |  1- 3 |  4- 6 |  7- 9 || total
-------------------------+-------+-------+-------++-------
Melee: War axe           |   166 |   284 |   166 ||   616
Throw: Stone             |       |    64 |    32 ||    96
       Tomahawk          |       |       |     3 ||     3
Invok: Stomp             |       |     1 |       ||     1
       Convert to Beogh  |       |     1 |       ||     1
  Use: Scroll            |     1 |     7 |     6 ||    14
       Potion            |       |     1 |     1 ||     2
 Stab: Paralysed         |       |     1 |       ||     1
  Eat: Chunk             |     2 |     9 |       ||    11
       Ration            |       |     2 |     2 ||     4
Armor: Scale mail        |    84 |   121 |    16 ||   221
       Ring mail         |       |    11 |    29 ||    40
       Skin              |       |       |    16 ||    16
       Robe              |       |       |    11 ||    11
Dodge: Dodged            |    60 |    72 |    52 ||   184
Block: Shield            |    84 |   175 |    89 ||   348
